 Dungeon Crawl Stone Soup version 0.20-a0-972-gb9bd3e6 (console) character file.

15020 vuev the Cleaver (level 12, 0/78 HPs)
             Began as a Gargoyle Fighter on Apr 9, 2017.
             Was a High Priest of Qazlal.
             Slain by a vampire (6 damage)
             ... on level 11 of the Dungeon.
             The game lasted 00:28:51 (11278 turns).

vuev the Cleaver (Gargoyle Fighter)                Turns: 11278, Time: 00:28:52

Health: 0/78       AC: 32    Str: 22    XL:     12   Next: 22%
Magic:  12/12      EV:  8    Int: 10    God:    Qazlal [*****.]
Gold:   480        SH:  6    Dex: 20    Spells: 11/11 levels left

rFire    . . .     SeeInvis .   a - +1 war axe
rCold    + . .     Gourm    .   (no shield)
rNeg     + . .     Faith    .   z - +1 plate armour of the Forgotten Queens {rC+ Int+2 Dex+3}
rPois    ∞         Spirit   .   S - +1 helmet
rElec    +         Reflect  .   w - +0 cloak
rCorr    .         Harm     .   (no gloves)
MR       .....                  f - +0 pair of boots
Stlth    ..........             (no amulet)
Regen    0.3/turn               I - +4 ring of dexterity
MPRegen  0.2/turn               N - ring of flight

@: protected from physical damage, repel missiles
A: negative energy resistance 1, electricity resistance, unbreathing,
petrification resistance, rot immunity, AC +8
a: Upheaval, Elemental Force, Disaster Area, Renounce Religion, Evoke Flight


You were on level 11 of the Dungeon.
You worshipped Qazlal.
Qazlal was extremely pleased with you.
You were not hungry.

You visited 2 branches of the dungeon, and saw 12 of its levels.

You collected 480 gold pieces.

Inventory:

Hand Weapons
 a - a +1 war axe (weapon)
Missiles
 o - 3 javelins (quivered)
Armour
 f - a +0 pair of boots (worn)
 w - a +0 cloak (worn)
 z - the +1 plate armour of the Forgotten Queens (worn) {rC+ Int+2 Dex+3}
   (You found it on level 6 of the Dungeon)

   It affects your intelligence (+2).
   It affects your dexterity (+3).
   It protects you from cold.
 S - a +1 helmet (worn)
Jewellery
 I - a +4 ring of dexterity (left hand)
 N - a ring of flight (right hand)
Wands
 b - a wand of random effects (30/48)
 p - a wand of lightning (0/15)
 x - a wand of confusion (22/48)
 G - a wand of flame (7/48)
 J - a wand of iceblast (8/15)
 K - a wand of polymorph (15/24)
 L - a wand of acid (7/15)
 P - a wand of polymorph (4/24)
Scrolls
 e - 3 scrolls of enchant weapon
 g - a scroll of recharging
 l - 5 scrolls of identify
 n - a scroll of remove curse
 q - a scroll of random uselessness
 r - 2 scrolls of amnesia
 y - a scroll of immolation {unknown}
 A - a scroll of teleportation
 C - 2 scrolls of enchant armour {unknown}
 D - a scroll of fear
 H - 2 scrolls of summoning {unknown}
 O - a scroll of torment {unknown}
 Q - a scroll of brand weapon {unknown}
 R - a scroll of vulnerability {unknown}
Potions
 d - a potion of brilliance
 h - 2 potions of curing
 j - 2 potions of might
 k - 4 potions of heal wounds {unknown}
 s - a potion of resistance {unknown}
 t - 2 potions of mutation {unknown}
 u - 2 potions of haste {unknown}
 F - 2 potions of agility
Books
 v - a book of Minor Magic

   Spells                             Type                      Level
   a - Magic Dart                     Conjuration                  1
   b - Blink                          Translocation                2
   c - Call Imp                       Summoning                    2
   d - Slow                           Hexes                        2
   e - Conjure Flame                  Conjuration/Fire             3
   f - Mephitic Cloud                 Conjuration/Poison/Air       3
 E - a book of Beasts

   Spells                             Type                      Level
   a - Summon Butterflies             Summoning                    1
   b - Call Canine Familiar           Summoning                    3
   c - Summon Ice Beast               Ice/Summoning                4
   d - Summon Mana Viper              Hexes/Summoning              5
   e - Summon Hydra                   Summoning                    7
Comestibles
 c - 2 chunks of flesh
 i - 6 meat rations
 m - 9 royal jellies
 B - 5 fruits
 M - a bread ration


   Skills:
 + Level 10.3 Fighting
 + Level 13.4 Axes
 + Level 9.7 Armour
 + Level 2.4 Dodging
   Level 3.2 Shields


You had 11 spell levels left.
You didn't know any spells.

Dungeon Overview and Level Annotations

Branches:
Dungeon (11/15)            Temple (1/1) D:4            Lair (0/6) D:10
    Orc: D:9-12

Altars:
Ashenzari
Cheibriados
Dithmenos
Elyvilon
Fedhas
Gozag
Hepliaklqana
Kikubaaqudgha
Makhleb
Nemelex Xobeh
Okawaru
Qazlal
Ru
Sif Muna
Trog
Uskayaw
Vehumet
Wu Jian
Xom
Yredelemnul
Zin
The Shining One

Shops:
D:7 :


Innate Abilities, Weirdness & Mutations

You are resistant to torment.
Your stone body is resilient. (AC +8)
You are immune to poison.
You resist negative energy. (rN+)
You are resistant to electric shocks. (rElec)
You can survive without breathing.
You are immune to petrification.
You are immune to rotting.


Message History

You feel protected from physical attacks.
Something bites you but does no damage. Something hits you!
Something bites you but does no damage. Something hits you.
Something bites you.
* * * LOW HITPOINT WARNING * * *
Something hits you but does no damage. Something bites you but does no damage.
You feel less confused. Something hits you!
* * * LOW HITPOINT WARNING * * *
Something bites you but does no damage.
You hit something but do no damage. Something hits you but does no damage.
Something bites you but does no damage.
You hit something but do no damage.
Unholy energy fills the air.
* * * LOW HITPOINT WARNING * * *
You slash something!
Unholy energy fills the air.
* * * LOW HITPOINT WARNING * * *
You hit something but do no damage. You hit something but do no damage.
Something hits you but does no damage. Something bites you.
You die...

C.# ..### ....# .....
#.... #.#.# #.#.#
#.#{# #>#@# ..#.#(## #
#.#..#.###############
#.#.###...............
#.##.#.####.### #####.
##.###.## #######.
#####...##.# #.......
#.....#....# #.#####.
#...#### #.# #.


There were no monsters in sight!

Vanquished Creatures
  Fannar (D:11)
  The ghost of nikopol the Fighter, a journeyman GrBe of Trog (D:10)
  4 two-headed ogres
  The ghost of dvd the Quickloader, a novice FoHu of Hepliaklqana (D:11)
  Sonja (D:11)
  A manticore (D:11)
  A cyclops (D:11)
  An ugly thing (D:11)
  The ghost of Koga the Destroyer, a novice OpCj of Vehumet (D:6)
  A centaur skeleton (D:11)
  Grinder (D:5)
  3 hippogriffs
  A troll (D:9)
  9 yaks
  A human (D:11)
  2 hungry ghosts (D:9)
  A steam dragon (D:10)
  The ghost of feelmyfire the Sneak, an amateur VSEn (D:4)
  4 phantoms
  4 orc warriors
  A black bear (D:9)
  6 ice beasts
  2 sky beasts
  2 centaurs
  4 ogres
  A crocodile (D:9)
  A wyvern zombie (D:7)
  Blork the orc (D:6)
  6 bullfrogs
  A scorpion (D:11)
  10 killer bees (D:9)
  5 wights (D:10)
  2 howler monkeys (D:9)
  2 crimson imps
  A quasit (D:9)
  2 centaur zombies
  2 gnoll shamans
  3 orc priests
  7 hounds
  2 jellies (D:7)
  15 orc wizards
  2 bullfrog skeletons
  4 iguanas
  15 worker ants
  A hound skeleton (D:5)
  15 adders
  20 gnolls
  2 shadow imps (D:5)
  An adder skeleton (D:7)
  3 worms
  5 dart slugs
  7 leopard geckos
  33 orcs
  2 ball pythons (D:1)
  6 bats
  5 giant cockroaches
  5 goblins
  7 hobgoblins
  5 jackals
  4 quokkas
  6 frilled lizards
  8 kobolds
  3 quokka skeletons
  5 rats
280 creatures vanquished.

Vanquished Creatures (others)
  A shadow imp (D:11)
1 creature vanquished.

Grand Total: 281 creatures vanquished

Notes
Turn   | Place    | Note
-------+----------+-------------------------------------------
     0 | D:1      | vuev the Gargoyle Fighter began the quest for the Orb.
     0 | D:1      | Reached XP level 1. HP: 14/14 MP: 1/1
   418 | D:1      | Reached XP level 2. HP: 19/19 MP: 2/2
   459 | D:1      | Reached skill level 2 in Axes
   596 | D:1      | Reached XP level 3. HP: 13/24 MP: 3/3
  1004 | D:2      | Found an ancient bone altar of Kikubaaqudgha.
  1109 | D:2      | Reached XP level 4. HP: 28/29 MP: 4/4
  1542 | D:3      | Reached skill level 3 in Axes
  1623 | D:3      | Noticed an ice beast
  1628 | D:3      | Killed an ice beast
  1628 | D:3      | Reached skill level 1 in Dodging
  1628 | D:3      | Reached XP level 5. HP: 34/34 MP: 5/5
  1849 | D:3      | Reached skill level 4 in Axes
  1849 | D:3      | Reached XP level 6. HP: 37/39 MP: 6/6
  2270 | D:4      | Found a staircase to the Ecumenical Temple.
  2278 | Temple   | Entered the Ecumenical Temple
  2493 | Temple   | Became a worshipper of Qazlal Stormbringer
  2610 | D:4      | Noticed feelmyfire's ghost (amateur VSEn)
  2646 | D:4      | Killed feelmyfire's ghost
  2646 | D:4      | Reached XP level 7. HP: 23/44 MP: 7/7
  2812 | D:4      | Reached skill level 5 in Axes
  3104 | D:4      | Reached skill level 5 in Fighting
  3668 | D:4      | Reached skill level 5 in Armour
  4021 | D:5      | Entered Level 5 of the Dungeon
  4191 | D:5      | Reached skill level 6 in Axes
  4191 | D:5      | Reached XP level 8. HP: 50/50 MP: 8/8
  4451 | D:5      | Reached * piety under Qazlal
  4550 | D:5      | Found a shimmering altar of Xom.
  4755 | D:6      | Noticed Grinder
  4757 | D:6      | Noticed Koga's ghost (novice OpCj)
  4773 | D:5      | Paralysed by Grinder for 2 turns
  4785 | D:5      | Killed Grinder
  4785 | D:5      | Reached skill level 7 in Axes
  4834 | D:6      | Killed Koga's ghost
  4834 | D:6      | Reached skill level 8 in Axes
  4834 | D:6      | Reached XP level 9. HP: 55/56 MP: 9/9
  4977 | D:6      | Noticed Blork the orc
  4996 | D:6      | Killed Blork the orc
  5126 | D:6      | Got a transparent plate armour
  5137 | D:6      | Identified the +1 plate armour of the Forgotten Queens {rC+ Int+2 Dex+3} (You found it on level 6 of the Dungeon)
  5299 | D:6      | Found a burning altar of Makhleb.
  5351 | D:7      | Reached ** piety under Qazlal
  5428 | D:7      | Found a glowing silver altar of Zin.
  5468 | D:7      | Found Zosev's Book Boutique.
  5485 | D:7      | Reached skill level 9 in Axes
  6274 | D:8      | Noticed a two-headed ogre
  6281 | D:8      | Killed a two-headed ogre
  6281 | D:8      | Reached skill level 10 in Axes
  6281 | D:8      | Reached XP level 10. HP: 34/64 MP: 10/10
  6291 | D:8      | HP: 2/64 [orc warrior/dire flail (5)]
  6907 | D:8      | Noticed a two-headed ogre
  7419 | D:8      | Noticed a two-headed ogre
  7430 | D:8      | Killed a two-headed ogre
  8008 | D:8      | Noticed a two-headed ogre
  8025 | D:8      | Killed a two-headed ogre
  8025 | D:8      | Reached skill level 11 in Axes
  8356 | D:7      | Killed a two-headed ogre
  8485 | D:8      | Reached *** piety under Qazlal
  8732 | D:9      | Reached XP level 11. HP: 71/71 MP: 11/11
  9275 | D:9      | Reached skill level 12 in Axes
  9561 | D:10     | Entered Level 10 of the Dungeon
  9561 | D:10     | Found a staircase to the Lair.
  9603 | D:10     | Reached **** piety under Qazlal
 10116 | D:10     | Noticed nikopol's ghost (journeyman GrBe)
 10176 | D:10     | Killed nikopol's ghost
 10207 | D:11     | Noticed dvd's ghost (novice FoHu)
 10404 | D:11     | Killed dvd's ghost
 10459 | D:11     | Noticed a manticore
 10477 | D:11     | Killed a manticore
 10480 | D:11     | Reached ***** piety under Qazlal
 10712 | D:11     | Reached skill level 10 in Fighting
 10881 | D:11     | Noticed Fannar
 11008 | D:11     | Noticed Sonja
 11078 | D:11     | Killed Fannar
 11078 | D:11     | Reached skill level 13 in Axes
 11078 | D:11     | Reached XP level 12. HP: 46/77 MP: 12/12
 11140 | D:11     | Killed Sonja
 11278 | D:11     | Slain by a vampire

Vault maps used:
D:1:      sevenhm_arrival_forest_fort_small_4
D:2:      kiku_gazebo_garden_becter, minmay_tiny_reverse_x
D:4:      minmay_temple_entry_junction, first_bread,
          minmay_misc_feat_secret_circle, hangedman_decor_growths
D:5:      lemuel_round_altar, grunt_ministairs_4
D:6:      marbit_many_paths, uniq_blork_the_orc, uniq_grinder
D:7:      overflow_temple_1_default, serial_shops, shop
D:8:      minivault_1
D:10:     lair_entry_dummy
D:11:     hangedman_stone_soup, hex_medium, uniq_sonja, uniq_fannar
Temple:   eino_narrow_crystal_temple

Skill      XL: |  1  2  3  4  5  6  7  8  9 10 11 |
---------------+----------------------------------+-----
Axes           | 2 3 4 6 8 10 11 13 | 13.4
Fighting       | 4 5 6 7 9 10 | 10.3
Armour         | 4 5 6 8 9 |  9.7
Dodging        | 1 2 |  2.4
Shields        | |  3.2

Action                   |  1- 3 |  4- 6 |  7- 9 | 10-12 || total
-------------------------+-------+-------+-------+-------++-------
Melee: War axe           |   117 |   194 |   446 |   706 ||  1463
Throw: Javelin           |       |       |       |     3 ||     3
Evoke: Wand              |       |       |       |    16 ||    16
  Use: Potion            |       |     2 |     1 |     2 ||     5
       Scroll            |       |     2 |     2 |     7 ||    11
 Stab: Confused          |       |       |       |     3 ||     3
  Eat: Chunk             |     1 |     3 |     6 |     9 ||    19
       Bread ration      |       |     1 |     1 |     1 ||     3
       Meat ration       |       |       |       |     2 ||     2
Armor: Scale mail        |    10 |       |       |       ||    10
       Ring mail         |    43 |    95 |    18 |       ||   156
       Plate armour      |       |       |   289 |   466 ||   755
Dodge: Dodged            |    38 |    75 |   118 |   197 ||   428
       Deflected         |       |       |       |     7 ||     7
Block: Shield            |    66 |   106 |    49 |       ||   221
       Other             |       |       |    14 |   130 ||   144
